 Dungeon Crawl Stone Soup version 0.19-a0-459-gb8ed64d (webtiles) character file.

30 mopl the Insei (level 3, -4/29 HPs)
             Began as a Mummy Monk on June 2, 2016.
             Slain by Terence
             ... wielding a +0 flail
              (7 damage)
             ... on level 2 of the Dungeon.
             The game lasted 00:01:41 (1161 turns).

mopl the Insei (Mummy Monk)                         Turns: 1161, Time: 00:01:42

Health: -4/29      AC:  0    Str: 14    XL:     3   Next: 3%
Magic:  3/3        EV: 18    Int:  9    God:
Gold:   24         SH:  0    Dex: 15    Spells: 0 memorised, 2 levels left

rFire  x . .     SeeInvis .       - Unarmed
rCold  + . .     Gourm    .     (no armour)
rNeg   + + +     Faith    .     (no shield)
rPois  ∞         Spirit   .     (no helmet)
rElec  .         Dismiss  .     (no cloak)
rCorr  .         Reflect  .     (no gloves)
SustAt .         Harm     .     (no boots)
MR     .....     Rnd*Tele +     (no amulet)
Stlth  ++........               d - +5 ring of evasion
                                a - ring of teleportation (curse)

@: not resistant to hostile enchantments, unstealthy
A: no food or potions, fire vulnerability, cold resistance 1, negative energy
resistance 3, torment resistance, unbreathing
a: no special abilities


You were on level 2 of the Dungeon.
You were not hungry.

You visited 1 branch of the dungeon, and saw 2 of its levels.

You collected 24 gold pieces.

Inventory:

Jewellery
 a - a cursed ring of teleportation (left hand)
 d - a +5 ring of evasion (right hand)


   Skills:
 - Level 3.0 Fighting
 - Level 2.4 Dodging
 - Level 1.5 Stealth
 + Level 4.1 Unarmed Combat


You had 2 spell levels left.
You didn't know any spells.

Dungeon Overview and Level Annotations

Branches:
Dungeon (2/15)

Altars:
Cheibriados
Gozag

Annotations:
D:2 Terence


Innate Abilities, Weirdness & Mutations

You do not eat or drink.
Your flesh is vulnerable to fire.
You are immune to poison.
Your flesh is cold resistant. (rC+)
You are immune to negative energy. (rN+++)
You are immune to unholy pain and torment.
You can survive without breathing.


Message History

d - a diamond ring Terence hits you with a flail.
Terence closely misses you. Terence misses you.
As you read the scroll labeled CITUIB RIRI, it crumbles to dust.
It is a scroll of amnesia.
You feel forgetful for a moment. Terence barely misses you.
The giant cockroach misses you.
As you read the scroll labeled DAONEYCUPI, it crumbles to dust.
It is a scroll of identify.
Identify which item? (\ to view known items) (? for menu, Esc to quit)
d - a +5 ring of evasion Terence hits you with a flail!
* * * LOW HITPOINT WARNING * * *
The giant cockroach bites you.
* * * LOW HITPOINT WARNING * * *
Put on which piece of jewellery? (? for menu, Esc to quit)
d - a +5 ring of evasion (right hand) Terence hits you with a flail!
You die...

#.............#
#.#.#..#.....#
#..##†#.##### ##
#....#.# ## #.#
##.....# #. #.#
##......# #.
#.###.##.#.### #.
####s#.###.._..####.
#..@@r.# ###.#......
#.####.# #......##
.. #.# ######.# ...
#.# #.# #.# #.# #.#
# ..# #.. #.# ##. .#
.# .#


You could see Terence, a giant cockroach and a rat.

Vanquished Creatures
  A dart slug (D:1)
  A giant gecko (D:2)
  3 giant cockroaches
  3 goblins (D:1)
  4 hobgoblins (D:1)
  2 quokkas (D:2)
  2 bats
  2 giant newts
  5 kobolds (D:1)
  2 rats (D:1)
25 creatures vanquished.

Notes
Turn   | Place    | Note
--------------------------------------------------------------
     0 | D:1      | mopl the Mummy Monk began the quest for the Orb.
     0 | D:1      | Reached XP level 1. HP: 18/18 MP: 1/1
   382 | D:1      | Reached XP level 2. HP: 24/24 MP: 2/2
   761 | D:1      | Reached skill level 4 in Unarmed Combat
   916 | D:2      | Found a faded altar of an unknown god.
  1085 | D:2      | Found an opulent altar of Gozag.
  1130 | D:2      | Found a snail-covered altar of Cheibriados.
  1137 | D:2      | Reached XP level 3. HP: 29/29 MP: 3/3
  1140 | D:2      | Noticed Terence
  1161 | D:2      | Slain by Terence

Vault maps used:
D:1:      mrwooster_arrival_statue_3, corner_web_ring
D:2:      lemuel_crystal_altar, grunt_gozag_statues,
          nicolae_overflow_hidden_temple, ecumenical_altar_2, uniq_terence

Skill      XL: |  1  2 |
---------------+-------+-----
Unarmed Combat | 4 |  4.1
Fighting       | |  3.0
Dodging        | |  2.4
Stealth        | |  1.5

Action                   || total
-------------------------++-------
Melee: Unarmed           ||    79
       Punch             ||     1
  Use: Scroll            ||     2
 Stab: Sleeping          ||     7
Dodge: Dodged            ||    44
